[ AOE2 MATCH · #505978886 ]
UnrankedHindustanis vs Malians
Player's team · LOSS
Rival team · WIN
[ REPLAY ANALYSIS · EXTRACTED FROM THE RECORDED GAME ]
Feudal
9:41
Castle
28:07
Imperial
—
| APM avg | 65.1 |
| APM peak | 97 |
| eAPM avg | 28.6 |
| Villagers / military | 76 / 71 |
Focus
⚔️ 44.1% · 🌾 55.9%
Archer ×54 · Skirmisher ×17
Feudal
9:42
Castle
28:12
Imperial
—
| APM avg | 73.9 |
| APM peak | 117 |
| eAPM avg | 22.5 |
| Villagers / military | 96 / 68 |
Focus
⚔️ 36.7% · 🌾 63.3%
Archer ×41 · Knight ×19 · Militia ×5 · Mangonel ×2 · Scorpion ×1
Match map
Initial resources + every placement click. Lines = walls · curves = elevation contours. ◆ gold · ⬟ stone · ● berries · ✦ relic · ◌ wall gap
Your base· Open — 4t gap
No soy Masche's base· Open — unwalled flank
Smoothed initial terrain · ◌ = detected wall gap · hover for details
Inputs per minute
— Dkastro - - No soy Masche
Build order — Dkastro
First 150 of 242 actions detected
| 0:26 | Queue | Villager (Male) |
| 0:27 | Build | House |
| 0:28 | Build | House |
| 0:28 | Queue | Villager (Male) |
| 0:29 | Queue | Villager (Male) |
| 0:44 | Queue | Villager (Male) |
| 1:30 | Queue | Villager (Male) |
| 1:54 | Queue | Villager (Male) |
| 2:16 | Build | Lumber Camp |
| 2:24 | Queue | Villager (Male) |
| 2:39 | Queue | Villager (Male) |
| 3:11 | Queue | Villager (Male) |
| 3:29 | Queue | Villager (Male) |
| 4:02 | Queue | Villager (Male) |
| 4:19 | Build | House |
| 4:21 | Build | House |
| 4:32 | Build | Palisade Wall |
| 4:38 | Queue | Villager (Male) |
| 4:38 | Queue | Villager (Male) |
| 4:44 | Build | Mill |
| 5:01 | Queue | Villager (Male) |
| 5:07 | Queue | Villager (Male) |
| 6:07 | Queue | Villager (Male) |
| 6:44 | Research | Loom |
| 7:05 | Build | House |
| 7:31 | Research | Feudal Age |
| 7:37 | Build | Palisade Wall |
| 8:05 | Build | Palisade Wall |
| 8:23 | Build | Palisade Wall |
| 8:30 | Build | Palisade Wall |
| 8:46 | Build | Barracks |
| 9:00 | Build | Mining Camp |
| 9:14 | Queue | Villager (Male) |
| 9:41 | Age | Feudal Age |
| 9:41 | Queue | Villager (Male) |
| 9:49 | Build | Archery Range |
| 10:06 | Queue | Villager (Male) |
| 10:18 | Build | House |
| 10:26 | Queue | Villager (Male) |
| 10:40 | Queue | Archer |
| 10:46 | Build | Watch Tower |
| 10:53 | Build | Mill |
| 10:56 | Queue | Villager (Male) |
| 11:01 | Build | Palisade Wall |
| 11:21 | Queue | Villager (Male) |
| 11:32 | Queue | Archer |
| 11:45 | Build | Palisade Wall |
| 11:45 | Build | Palisade Wall |
| 11:46 | Build | Palisade Wall |
| 12:03 | Build | Palisade Wall |
| 12:10 | Build | Palisade Wall |
| 12:11 | Build | Palisade Wall |
| 12:20 | Queue | Villager (Male) |
| 12:22 | Queue | Archer |
| 12:26 | Research | Double-Bit Axe |
| 12:29 | Build | House |
| 12:46 | Build | House |
| 12:50 | Research | Town Watch |
| 12:50 | Queue | Villager (Male) |
| 12:53 | Queue | Archer |
| 13:27 | Queue | Archer |
| 13:38 | Queue | Archer |
| 13:40 | Queue | Villager (Male) |
| 13:57 | Queue | Archer |
| 14:03 | Queue | Villager (Male) |
| 14:05 | Build | Farm |
| 14:06 | Build | Farm |
| 14:22 | Queue | Archer |
| 14:28 | Queue | Archer |
| 14:41 | Queue | Villager (Male) |
| 14:45 | Build | Farm |
| 15:09 | Queue | Archer |
| 15:14 | Queue | Villager (Male) |
| 15:31 | Queue | Archer |
| 15:34 | Queue | Villager (Male) |
| 15:35 | Queue | Archer |
| 15:45 | Queue | Villager (Male) |
| 15:47 | Queue | Villager (Male) |
| 15:58 | Queue | Skirmisher |
| 16:09 | Build | Mining Camp |
| 16:11 | Build | House |
| 16:13 | Queue | Archer |
| 16:26 | Queue | Archer |
| 16:35 | Build | House |
| 16:39 | Queue | Skirmisher |
| 16:39 | Queue | Villager (Male) |
| 16:56 | Queue | Villager (Male) |
| 16:57 | Build | Palisade Wall |
| 16:58 | Build | Palisade Wall |
| 16:58 | Build | Palisade Wall |
| 16:59 | Build | Palisade Wall |
| 16:59 | Build | Palisade Wall |
| 17:03 | Queue | Archer |
| 17:05 | Queue | Skirmisher |
| 17:17 | Build | Lumber Camp |
| 17:21 | Queue | Skirmisher |
| 17:22 | Queue | Villager (Male) |
| 17:32 | Queue | Skirmisher |
| 17:45 | Build | Farm |
| 17:59 | Queue | Skirmisher |
| 18:05 | Queue | Skirmisher |
| 18:12 | Queue | Skirmisher |
| 18:15 | Build | House |
| 18:24 | Build | House |
| 18:27 | Queue | Skirmisher |
| 18:34 | Build | Blacksmith |
| 18:40 | Queue | Villager (Male) |
| 18:42 | Build | Farm |
| 18:52 | Queue | Skirmisher |
| 19:15 | Research | Fletching |
| 19:16 | Queue | Villager (Male) |
| 19:21 | Queue | Skirmisher |
| 19:25 | Build | Farm |
| 19:26 | Build | Farm |
| 19:28 | Queue | Villager (Male) |
| 19:29 | Build | Farm |
| 19:43 | Queue | Archer |
| 19:46 | Queue | Villager (Male) |
| 19:48 | Build | Farm |
| 19:51 | Queue | Archer |
| 19:54 | Queue | Villager (Male) |
| 19:57 | Build | Palisade Wall |
| 20:14 | Queue | Archer |
| 20:16 | Build | Farm |
| 20:22 | Build | Palisade Wall |
| 20:32 | Build | Farm |
| 20:35 | Queue | Archer |
| 20:40 | Build | House |
| 20:45 | Research | Horse Collar |
| 20:45 | Research | Horse Collar |
| 20:47 | Queue | Archer |
| 20:53 | Build | House |
| 20:58 | Build | House |
| 21:01 | Queue | Villager (Male) |
| 21:04 | Queue | Archer |
| 21:16 | Queue | Villager (Male) |
| 21:19 | Build | Farm |
| 21:23 | Build | Market |
| 21:33 | Build | House |
| 21:37 | Queue | Villager (Male) |
| 21:40 | Research | Padded Archer Armor |
| 22:04 | Queue | Villager (Male) |
| 22:05 | Build | House |
| 22:18 | Queue | Archer |
| 22:24 | Queue | Villager (Male) |
| 22:34 | Build | Watch Tower |
| 22:37 | Build | Watch Tower |
| 22:38 | Queue | Archer |
| 22:46 | Queue | Archer |
| 22:50 | Build | Archery Range |
Build order — No soy Masche
First 150 of 254 actions detected
| 0:00 | Queue | Villager (Male) |
| 0:01 | Queue | Villager (Male) |
| 0:01 | Queue | Villager (Male) |
| 0:02 | Build | House |
| 0:04 | Build | House |
| 0:06 | Queue | Villager (Male) |
| 1:26 | Queue | Villager (Male) |
| 1:47 | Queue | Villager (Male) |
| 1:47 | Queue | Villager (Male) |
| 2:17 | Build | Lumber Camp |
| 2:19 | Queue | Villager (Male) |
| 2:42 | Queue | Villager (Male) |
| 2:43 | Queue | Villager (Male) |
| 2:58 | Queue | Villager (Male) |
| 3:13 | Queue | Villager (Male) |
| 3:29 | Queue | Villager (Male) |
| 3:30 | Queue | Villager (Male) |
| 3:48 | Build | House |
| 3:56 | Queue | Villager (Male) |
| 4:17 | Build | Mill |
| 4:25 | Build | Mill |
| 4:26 | Queue | Villager (Male) |
| 4:34 | Queue | Villager (Male) |
| 5:03 | Queue | Villager (Male) |
| 5:15 | Queue | Villager (Male) |
| 5:37 | Queue | Villager (Male) |
| 5:37 | Queue | Villager (Male) |
| 5:37 | Queue | Villager (Male) |
| 5:55 | Build | House |
| 6:03 | Queue | Villager (Male) |
| 6:03 | Queue | Villager (Male) |
| 6:12 | Build | Barracks |
| 6:43 | Research | Loom |
| 7:32 | Research | Feudal Age |
| 7:45 | Queue | Militia |
| 7:56 | Build | House |
| 8:06 | Queue | Militia |
| 8:14 | Build | Mining Camp |
| 8:39 | Queue | Militia |
| 8:55 | Queue | Militia |
| 9:02 | Queue | Militia |
| 9:12 | Build | Mill |
| 9:42 | Age | Feudal Age |
| 9:45 | Research | Man-at-Arms (upgrade) |
| 9:52 | Queue | Villager (Male) |
| 10:05 | Queue | Villager (Male) |
| 10:10 | Build | Farm |
| 10:11 | Build | Farm |
| 10:24 | Build | Watch Tower |
| 10:43 | Queue | Villager (Male) |
| 10:44 | Queue | Villager (Male) |
| 10:44 | Queue | Villager (Male) |
| 10:44 | Queue | Villager (Male) |
| 10:45 | Queue | Villager (Male) |
| 10:46 | Build | House |
| 11:19 | Queue | Villager (Male) |
| 11:23 | Build | House |
| 11:25 | Build | Mining Camp |
| 11:34 | Build | House |
| 11:44 | Queue | Villager (Male) |
| 11:56 | Queue | Villager (Male) |
| 12:17 | Queue | Villager (Male) |
| 12:30 | Build | Watch Tower |
| 12:40 | Queue | Villager (Male) |
| 12:48 | Build | House |
| 12:58 | Queue | Villager (Male) |
| 13:16 | Build | Watch Tower |
| 13:21 | Queue | Villager (Male) |
| 13:25 | Build | Archery Range |
| 13:40 | Queue | Villager (Male) |
| 13:58 | Queue | Villager (Male) |
| 14:06 | Build | Archery Range |
| 14:09 | Build | House |
| 14:19 | Queue | Archer |
| 14:28 | Queue | Villager (Male) |
| 14:43 | Queue | Villager (Male) |
| 14:54 | Queue | Archer |
| 15:13 | Queue | Villager (Male) |
| 15:20 | Queue | Archer |
| 15:21 | Queue | Archer |
| 15:33 | Queue | Villager (Male) |
| 15:36 | Queue | Archer |
| 15:38 | Build | Blacksmith |
| 15:43 | Queue | Villager (Male) |
| 15:47 | Build | Watch Tower |
| 15:53 | Queue | Archer |
| 16:04 | Build | Watch Tower |
| 16:09 | Queue | Villager (Male) |
| 16:11 | Build | Farm |
| 16:20 | Build | Farm |
| 16:26 | Research | Fletching |
| 16:32 | Research | Forging |
| 16:35 | Research | Double-Bit Axe |
| 16:51 | Queue | Villager (Male) |
| 16:53 | Queue | Archer |
| 16:53 | Queue | Archer |
| 16:56 | Queue | Villager (Male) |
| 17:05 | Queue | Villager (Male) |
| 17:07 | Build | House |
| 17:13 | Queue | Archer |
| 17:18 | Build | House |
| 17:20 | Queue | Villager (Male) |
| 17:25 | Build | Lumber Camp |
| 17:30 | Build | Farm |
| 17:33 | Queue | Archer |
| 17:33 | Queue | Archer |
| 17:44 | Queue | Villager (Male) |
| 17:46 | Queue | Archer |
| 17:46 | Queue | Archer |
| 17:50 | Research | Padded Archer Armor |
| 18:19 | Queue | Archer |
| 18:19 | Queue | Archer |
| 18:28 | Build | House |
| 18:32 | Research | Town Watch |
| 18:32 | Research | Town Watch |
| 18:35 | Build | Farm |
| 18:36 | Build | Farm |
| 18:40 | Queue | Archer |
| 19:15 | Queue | Archer |
| 19:16 | Queue | Archer |
| 19:17 | Queue | Villager (Male) |
| 19:19 | Queue | Archer |
| 19:25 | Queue | Villager (Male) |
| 19:40 | Queue | Archer |
| 19:40 | Queue | Archer |
| 19:42 | Queue | Villager (Male) |
| 19:52 | Build | Farm |
| 19:52 | Build | Farm |
| 19:52 | Build | Farm |
| 19:52 | Build | Farm |
| 19:53 | Build | Farm |
| 20:17 | Queue | Villager (Male) |
| 20:28 | Queue | Archer |
| 20:28 | Queue | Archer |
| 20:29 | Queue | Archer |
| 20:36 | Build | House |
| 20:37 | Queue | Villager (Male) |
| 20:43 | Build | Stone Wall |
| 20:47 | Queue | Villager (Male) |
| 20:51 | Build | Market |
| 20:53 | Build | House |
| 20:55 | Build | Palisade Wall |
| 21:00 | Build | Farm |
| 21:05 | Queue | Archer |
| 21:06 | Queue | Archer |
| 21:08 | Build | Palisade Wall |
| 21:12 | Queue | Archer |
| 21:18 | Queue | Villager (Male) |
| 21:20 | Queue | Villager (Male) |
| 21:36 | Build | Watch Tower |
Match timeline
| 4:32 | Dkastro · wall_segment Palisade Wall x4 |
| 6:12 | No soy Masche · first_building Barracks |
| 7:37 | Dkastro · wall_segment Palisade Wall x3 |
| 8:05 | Dkastro · wall_segment Palisade Wall x4 |
| 8:23 | Dkastro · wall_segment Palisade Wall x5 |
| 8:30 | Dkastro · wall_segment Palisade Wall x9 |
| 8:46 | Dkastro · first_building Barracks |
| 9:41 | Dkastro · age_up feudal |
| 9:42 | No soy Masche · age_up feudal |
| 9:49 | Dkastro · first_building Archery Range |
| 11:01 | Dkastro · wall_segment Palisade Wall x1 |
| 11:45 | Dkastro · wall_segment Palisade Wall x1 |
| 11:45 | Dkastro · wall_segment Palisade Wall x1 |
| 11:46 | Dkastro · wall_segment Palisade Wall x1 |
| 12:03 | Dkastro · wall_segment Palisade Wall x1 |
| 12:10 | Dkastro · wall_segment Palisade Wall x1 |
| 12:11 | Dkastro · wall_segment Palisade Wall x1 |
| 13:25 | No soy Masche · first_building Archery Range |
| 16:57 | Dkastro · wall_segment Palisade Wall x1 |
| 16:58 | Dkastro · wall_segment Palisade Wall x1 |
| 16:58 | Dkastro · wall_segment Palisade Wall x1 |
| 16:59 | Dkastro · wall_segment Palisade Wall x1 |
| 16:59 | Dkastro · wall_segment Palisade Wall x1 |
| 19:57 | Dkastro · wall_segment Palisade Wall x8 |
| 20:22 | Dkastro · wall_segment Palisade Wall x6 |
| 20:43 | No soy Masche · wall_segment Stone Wall x10 |
| 20:55 | No soy Masche · wall_segment Palisade Wall x4 |
| 21:08 | No soy Masche · wall_segment Palisade Wall x15 |
| 22:09 | Dkastro · first_market_buy 100 food |
| 22:10 | No soy Masche · wall_segment Palisade Wall x9 |
| 22:23 | Dkastro · first_market_sell 100 wood |
| 24:30 | No soy Masche · wall_segment Palisade Wall x1 |
| 25:09 | No soy Masche · first_market_sell 500 wood |
| 25:20 | No soy Masche · first_market_buy 100 food |
| 26:32 | No soy Masche · first_building Stable |
| 28:07 | Dkastro · age_up castle |
| 28:12 | No soy Masche · age_up castle |
| 28:24 | No soy Masche · first_building Siege Workshop |
| 31:03 | Dkastro · first_building Castle |
| 32:23 | Dkastro · resign |
[ AI ANALYSIS · 1 CREDIT ]
What really happened in this match?
Wolo.gg analyzes every decision: build order, eco, micro, common mistakes by bracket. Personalized analysis on WhatsApp or Discord in 30 seconds.
Civ guide
Hindustanis
Perfil
Jugador #279492